Map: Orbital Shipyard

Players

xXGREEXx - Winner!

  • Race: Zerg Zerg
  • League: Gold

Grumm

  • Race: Protoss Protoss
  • League: Gold

VOD

Have the link to the VOD?

Description

Time

  • Played on: Feb. 3, 2016, 3:59 p.m.
  • Length: 12:04
Show
View Real Time Build Order
Export as new Build Order

xXGREEXx Zerg - Winner!

Build Orders: Hatch First 

Get SALT Encoding   

  12  0:03  Drone  
  13  0:13  Overlord  
  13  0:18  Drone  
  14  0:33  Drone x2  
  16  0:38  Drone  
  17  0:56  Drone  
  18  0:58  Hatchery, Extractor  
  18  1:04  Drone  
  17  1:17  Spawning Pool  
  16  1:19  Drone  
  16  1:23  Drone  
  18  1:30  Drone  
  19  1:41  Overlord  
  19  1:56  Drone  
  20  2:07  Queen  
  23  2:08  Zergling x2  
  23  2:10  Metabolic Boost  
  23  2:12  Queen  
  23  2:13  Drone, Extractor  
  25  2:18  Drone  
  25  2:22  Drone  
  27  2:25  Drone  
  28  2:38  Drone  
  28  2:40  Drone  
  30  2:55  Zergling x6  
  32  3:26  Lair  
  32  3:31  Evolution Chamber  
  32  3:32  Evolution Chamber  
  30  3:34  Roach Warren  
  28  3:58  Drone x5  
  28  3:59  Zerg Melee Weapons Level 1  
  33  4:10  Drone x2, Zerg Ground Armor Level 1  
  33  4:11  Drone  
  33  4:12  Overlord  
  33  4:13  Overlord x3  
  33  4:14  Extractor  
  35  4:31  Hatchery  
  35  4:32  Drone x2  
  36  4:52  Roach x5  
  46  4:53  Roach  
  46  4:58  Drone x2  
  50  5:18  Glial Reconstitution  
  50  5:21  Drone  
  50  5:22  Drone x3, Hydralisk Den  
  50  5:24  Roach x2  
  57  5:37  Drone x4  
  57  5:41  Roach x2  
  65  5:45  Queen  
  65  5:48  Drone  
  68  5:56  Drone x2, Extractor  
  69  6:00  Zerg Melee Weapons Level 2  
  69  6:09  Zerg Ground Armor Level 2  
  69  6:11  Infestation Pit  
  69  6:13  Drone x2  
  69  6:17  Drone  
  71  6:21  Drone x3  
  74  6:27  Overlord  
  74  6:28  Overlord  
  74  6:43  Overlord x2  
  74  6:45  Hydralisk x2  
  74  6:46  Hydralisk  
  80  7:05  Hive  
  73  7:22  Drone x3  
  72  7:23  Drone x2  
  72  7:27  Zergling x2  
  72  7:28  Zergling x26  
  88  7:37  Muscular Augments  
  88  8:09  Drone x2  
  88  8:10  Drone x2  
  92  8:15  Extractor  
  92  8:18  Queen  
  93  8:20  Ultralisk Cavern  
  93  8:26  Zerg Melee Weapons Level 3  
  92  8:28  Zerg Ground Armor Level 3  
  92  8:30  Adrenal Glands  
  92  8:31  Roach  
  92  8:32  Roach  
  92  8:33  Overlord x2  
  96  8:38  Overseer  
  96  9:11  Chitinous Plating  
  96  9:41  Ultralisk  
  96  9:42  Overlord  
  96  9:43  Overlord x4  
  102  10:06  Lurker Den  
  102  10:14  Hatchery  
  107  10:21  Ultralisk x3  
  107  10:22  Ultralisk  
  107  10:24  Zergling x2  
  107  10:25  Zergling x38  
  145  10:41  Overlord  
  145  10:42  Overlord x2  
  145  11:29  Hydralisk  
  145  11:30  Hydralisk x18  
Show
View Real Time Build Order
Export as new Build Order

Grumm Protoss 

Build Orders: 1 Gate Expand, Forge Fast Expand (FFE) 

Get SALT Encoding   

  12  0:01  Probe (Chrono Boost)  
  13  0:12  Probe (Chrono Boost)  
  14  0:26  Pylon  
  14  0:30  Probe (Chrono Boost)  
  15  0:48  Gateway  
  15  0:53  Forge  
  15  0:56  Probe (Chrono Boost)  
  16  1:01  Assimilator  
  16  1:19  Probe (Chrono Boost)  
  17  1:32  Nexus  
  17  1:47  Cybernetics Core  
  17  1:52  Pylon  
  17  1:54  Probe (Chrono Boost)  
  18  2:03  Assimilator  
  18  2:14  Gateway  
  18  2:16  Probe (Chrono Boost)  
  19  2:23  Warp Gate  
  19  2:28  Adept  
  20  2:42  Photon Cannon  
  20  2:48  Probe (Chrono Boost)  
  21  2:55  Stalker  
  23  3:02  Pylon  
  23  3:10  Zealot  
  25  3:16  Probe x2 (Chrono Boost)  
  27  3:31  Probe x2 (Chrono Boost)  
  29  3:47  Pylon  
  27  4:05  Stalker x2  
  31  4:15  Pylon  
  31  4:18  Photon Cannon  
  31  4:21  Probe (Chrono Boost)  
  31  4:22  Probe (Chrono Boost)  
  33  4:25  Assimilator  
  33  4:32  Probe (Chrono Boost)  
  33  4:37  Stargate  
  34  4:42  Stargate  
  34  4:52  Probe x2 (Chrono Boost)  
  36  5:03  Probe x2 (Chrono Boost)  
  36  5:04  Pylon  
  38  5:16  Gateway  
  38  5:19  Probe (Chrono Boost), Gateway  
  39  5:30  Protoss Ground Weapons Level 1  
  39  5:32  Adept  
  39  5:35  Adept  
  43  5:40  Oracle  
  46  5:47  Phoenix  
  48  5:55  Probe x2 (Chrono Boost)  
  50  6:03  Assimilator  
  50  6:05  Probe (Chrono Boost)  
  50  6:06  Probe (Chrono Boost)  
  52  6:12  Phoenix  
  52  6:16  Probe (Chrono Boost)  
  55  6:26  Zealot x3  
  61  6:37  Zealot  
  63  7:10  Stalker x2  
  63  7:13  Zealot x2  
  71  7:20  Photon Cannon  
  66  7:30  Probe x2 (Chrono Boost)  
  70  7:51  Probe x2 (Chrono Boost)  
  70  7:54  Zealot x2  
  70  7:55  Zealot x2  
  78  8:05  Nexus  
  78  8:16  Gateway  
  78  8:20  Photon Cannon  
  78  8:23  Pylon  
  78  8:31  Pylon  
  78  8:34  Robotics Facility  
  78  8:41  Void Ray  
  78  8:42  Probe x2 (Chrono Boost)  
  84  8:49  Void Ray  
  84  8:52  Probe (Chrono Boost)  
  89  9:01  Robotics Facility  
  87  9:39  Robotics Bay  
  87  9:41  Pylon  
  87  9:48  Probe x2 (Chrono Boost)  
  87  9:49  Probe (Chrono Boost)  
  90  9:58  Assimilator  
  90  9:59  Probe x3 (Chrono Boost)  
  93  10:01  Observer  
  93  10:02  Void Ray x2  
  93  10:04  Assimilator  
  102  10:07  Photon Cannon  
  102  10:10  Forge  
  102  10:11  Photon Cannon  
  102  10:12  Stalker  
  102  10:13  Stalker x3  
  110  10:17  Pylon  
  110  10:21  Pylon  
  110  10:36  Colossus, Pylon  
  110  10:37  Colossus  
  110  10:40  Zealot x2  
  126  11:00  Pylon  
  126  11:08  Void Ray x2  
  88  11:40  Zealot x3  
  88  11:41  Zealot  
Tags
 
Add a new tag
Caveats
  • Supply blocks, unpowered buildings, or Contaminate may cause inaccurate times.
  • Supply counts are checked every 10 seconds.